 Dungeon Crawl Stone Soup version 0.22.1 (webtiles) character file.

124926 MalarOregon the Severer (level 16, 0/149 HPs)
             Began as a Hill Orc Fighter on Sept 18, 2018.
             Was the Champion of Makhleb.
             Slain by a wolf spider (4 damage)
             ... on level 2 of the Spider Nest.
             The game lasted 01:22:51 (25741 turns).

MalarOregon the Severer (Hill Orc Fighter)         Turns: 25741, Time: 01:22:51

Health: 0/149      AC: 27    Str: 21    XL:     16   Next: 94%
Magic:  24/24      EV: 13    Int:  9    God:    Makhleb [******]
Gold:   156        SH: 30    Dex: 10    Spells: 12/15 levels left

rFire    + . .     SeeInvis .   a - +2 war axe
rCold    . . .     Gourm    .   T - +10 large shield of Ignorance {rN+ Int-4}
rNeg     + . .     Faith    .   F - +3 chain mail of the End {rF+}
rPois    +         Spirit   .   S - +0 helmet of True Grit {rElec rPois rCorr Stlth-} (curse)
rElec    +         Reflect  .   (no cloak)
rCorr    +         Harm     .   Q - +0 pair of gloves
MR       +....                  G - +2 pair of boots
Stlth    ..........             b - amulet of rage
HPRegen  0.34/turn              w - +4 ring of protection
MPRegen  0.19/turn              f - +4 ring of evasion

@: no status effects
A: no striking features
a: Minor Destruction, Lesser Servant of Makhleb, Major Destruction, Greater
Servant of Makhleb, Renounce Religion, Evoke Berserk Rage


You were on level 2 of the Spider Nest.
You worshipped Makhleb.
Makhleb was exalted by your worship.
You were not hungry.

You visited 5 branches of the dungeon, and saw 27 of its levels.

You collected 2446 gold pieces.
You spent 2290 gold pieces at shops.

Inventory:

Hand Weapons
 a - a +2 war axe (weapon)
 y - the +10 hunting sling of Bosedaet {velocity, rElec}
   (You found it on level 12 of the Dungeon)

   Any stone fired from it inflicts extra damage.
   It insulates you from electricity.
 M - the +1 spear "Orb Guardian's Doom" {venom, rElec MR- Int+2 Stlth+}
   (You found it on level 1 of the Lair of Beasts)

   It poisons the flesh of those it strikes.
   It affects your intelligence (+2).
   It insulates you from electricity.
   It affects your resistance to hostile enchantments.
   It makes you more stealthy.
Missiles
 N - 2 throwing nets (quivered) {!f}
Armour
 F - the +3 chain mail of the End (worn) {rF+}
   (You bought it in a shop on level 7 of the Dungeon)

   It protects you from fire.
 G - a +2 pair of boots (worn)
   (You found it on level 8 of the Dungeon)
 Q - a +0 pair of gloves (worn)
   (You bought it in a shop on level 8 of the Dungeon)
 S - the cursed +0 helmet of True Grit (worn) {rElec rPois rCorr Stlth-}
   (You bought it in a shop on level 2 of the Orcish Mines)

   It insulates you from electricity.
   It protects you from poison.
   It provides partial protection from all sources of acid and corrosion.
   It makes you less stealthy.
   It has a curse placed upon it.
 T - the +10 large shield of Ignorance (worn) {rN+ Int-4}
   (You bought it in a shop on level 7 of the Dungeon)

   It affects your intelligence (-4).
   It protects you from negative energy.
Jewellery
 b - an amulet of rage (around neck)
   (You found it on level 1 of the Dungeon)
 f - a +4 ring of evasion (right hand)
   (You found it on level 7 of the Dungeon)
 o - an uncursed ring of protection from cold
   (You found it on level 4 of the Dungeon)
 w - a +4 ring of protection (left hand)
   (You found it on level 4 of the Dungeon)
 z - an uncursed ring of wizardry
   (You found it on level 11 of the Dungeon)
Wands
 d - a wand of iceblast (35)
   (You found it on level 2 of the Dungeon)
 t - a wand of flame (32)
   (You took it off a big kobold on level 8 of the Dungeon)
 u - a wand of paralysis (10)
   (You found it on level 15 of the Dungeon)
 x - a wand of acid (7)
   (You found it on level 2 of the Lair of Beasts)
 D - a wand of scattershot (3)
   (You found it on level 7 of the Dungeon)
 E - a wand of clouds (1)
   (You found it on level 6 of the Lair of Beasts)
 U - a wand of enslavement (26)
   (You found it on level 13 of the Dungeon)
Scrolls
 g - 7 scrolls of teleportation {@r4}
 h - 6 scrolls of immolation {!r}
 j - 3 scrolls of fear
 l - 8 scrolls of identify {@r1}
 n - 4 scrolls of amnesia
 s - 5 scrolls of magic mapping
 v - 6 scrolls of blinking
 B - 2 scrolls of vulnerability {!r}
 C - 2 scrolls of noise {!r}
 K - 9 scrolls of remove curse {@r2}
 V - 3 scrolls of enchant armour
 W - a scroll of summoning
 Y - a scroll of torment {!r}
Potions
 c - 2 potions of resistance
 i - a potion of flight
 k - 4 potions of curing {@q1}
 m - 2 potions of heal wounds {@q2}
 q - 5 potions of might
 A - a potion of invisibility
 H - 3 potions of mutation {!q}
 I - a potion of magic
 J - a potion of berserk rage
 L - 2 potions of brilliance
 O - 6 potions of lignification {!q}
 R - 3 potions of haste {@q3}
 X - 2 potions of cancellation
 Z - 4 potions of agility
Miscellaneous
 p - a lightning rod (4/4) {!a}
   (You found it on level 1 of the Lair of Beasts)
Comestibles
 e - 59 rations {!d}


   Skills:
 + Level 15.4 Fighting
 - Level 16.0 Axes
 + Level 14.2 Armour
 + Level 6.5 Dodging
 + Level 15.2 Shields
 + Level 7.5 Fire Magic
 + Level 11.6 Invocations
 - Level 5.0 Evocations


You had 12 spell levels left.
You knew the following spells:

 Your Spells              Type           Power        Failure   Level  Hunger
a - Inner Flame           Hex/Fire       #.......     99%         3    ####...

Your spell library contained the following spells:

 Spells                   Type           Power        Failure   Level  Hunger
 Animate Skeleton         Necr           N/A          100%        1    ##.....
 Confusing Touch          Hex            #.....       100%        1    ##.....
 Corona                   Hex            #......      100%        1    ##.....
 Pain                     Necr           #...         100%        1    ##.....
 Sting                    Conj/Pois      #...         100%        1    ##.....
 Ensorcelled Hibernation  Hex/Ice        #.....       100%        2    ###....
 Poisonous Vapours        Pois/Air       #.....       100%        2    ###....
 Slow                     Hex            #.......     100%        2    ###....
 Confuse                  Hex            #.......     100%        3    ####...
 Dazzling Spray           Conj/Hex       #.....       100%        3    ####...
 Gell's Gravitas          Tloc           #.........   100%        3    ####...
 Mephitic Cloud           Conj/Pois/Air  #.......     100%        3    ####...
 Portal Projectile        Hex/Tloc       #.....       100%        3    ####...
 Regeneration             Chrm/Necr      #.........   100%        3    ####...
 Tukima's Dance           Hex            #.......     100%        3    ####...
 Vampiric Draining        Necr           #.........   100%        3    ####...
 Animate Dead             Necr           N/A          100%        4    #####..
 Cause Fear               Hex            #.........   100%        4    #####..
 Leda's Liquefaction      Hex/Erth       #.........   100%        4    #####..
 Olgreb's Toxic Radiance  Pois           #.......     100%        4    #####..
 Petrify                  Tmut/Erth      #.......     100%        4    #####..
 Metabolic Englaciation   Hex/Ice        #.........   100%        5    ######.
 Venom Bolt               Conj/Pois      #.........   100%        5    ######.
 Yara's Violent Unravell  Hex/Tmut       #.........   100%        5    ######.


Dungeon Overview and Level Annotations

Branches:
Dungeon (15/15)            Temple (1/1) D:5            Lair (6/6) D:9
 Shoals (0/4) Lair:3       Spider (3/4) Lair:2        Slime (0/5) Lair:5
    Orc (2/2) D:11            Elf (0/3) Orc:2        Vaults (0/5) D:13
 Depths (0/5) D:15

Altars:
Ashenzari
Cheibriados
Dithmenos
Elyvilon
Fedhas
Gozag
Hepliaklqana
Kikubaaqudgha
Makhleb
Nemelex Xobeh
Okawaru
Qazlal
Ru
Sif Muna
Trog
Uskayaw
Vehumet
Wu Jian
Xom
Yredelemnul
Zin
The Shining One

Shops:
D:7 [   D:8 [   D:10 %   Orc:1 %%*   Orc:2 ([*:


Message History

The wolf spider looks as sick as possible!
You block the wolf spider's attack. The wolf spider closely misses you.
You block the redback's attack.
The redback bites you but does no damage.
The redback bites you.
* * * LOW HITPOINT WARNING * * *
The moth of wrath looks as sick as possible!
The wolf spider is engulfed in poison gas.
The wolf spider looks as sick as possible!
You block the wolf spider's attack. The wolf spider closely misses you.
The wolf spider is engulfed in blazing flames.
The wolf spider hits you.
* * * LOW HITPOINT WARNING * * *
The wolf spider completely misses you.
The redback is engulfed in blazing flames.
Unknown command.
Your shield and chain mail of the End prevent you from hitting the redback.
You miss the redback.
You slash the wolf spider! x2; You slash the redback!
You block the redback's attack. x2
The redback bites you but does no damage.
The wolf spider is engulfed in blazing flames.
You block the wolf spider's attack. The wolf spider bites you.
* * * LOW HITPOINT WARNING * * *
The redback is engulfed in blazing flames.
The wolf spider is engulfed in poison gas.
The wolf spider looks as sick as possible!
The wolf spider hits you.
* * * LOW HITPOINT WARNING * * *
The wolf spider bites you!
* * * LOW HITPOINT WARNING * * *
The redback bites you!
* * * LOW HITPOINT WARNING * * *
You block the redback's attack.
The moth of wrath is engulfed in poison gas.
The moth of wrath looks as sick as possible!
You feel much better.
The wolf spider is engulfed in blazing flames.
You block the wolf spider's attack. The wolf spider bites you.
* * * LOW HITPOINT WARNING * * *
The redback bites you.
* * * LOW HITPOINT WARNING * * *
The redback is engulfed in blazing flames.
The wolf spider is engulfed in poison gas.
The wolf spider looks as sick as possible!
You block the wolf spider's attack. The wolf spider bites you.
* * * LOW HITPOINT WARNING * * *
The redback closely misses you. You block the redback's attack.
The wolf spider is engulfed in blazing flames.
The wolf spider closely misses you. The wolf spider bites you.
You die...

.....##### ##....#....(..#.......
....^###.###..............#......
......#.#^#......................
...#.............................
................#..............#.
...............#..............###
.........^|.....†...§..^#....## #
..........#.§#§sss§§§.......##
...[.....####§ss@sy§§.....###
.#......###.#§§###§§§..####
............§.......§...#
..............#......#.^#
...=................#####
..................###
..................##
..<............^...#
..................##


You could see 2 wolf spiders, a moth of wrath and 4 redbacks.

Vanquished Creatures
  A frost giant (D:15)
  An emperor scorpion (Lair:2)
  An entropy weaver (Spider:1)
  The ghost of dscm the Covert, a journeyman OpEE of Uskayaw (Lair:4)
  2 ogre magi (Orc:2)
  The ghost of Veehecw the Cleaver, a journeyman NaGl of Cheibriados (Lair:1)
  Josephine (Orc:2)
  Erolcha (Orc:1)
  4 vault guards (D:13)
  8 hydras
  5 centaur warriors
  Erica (Orc:1)
  A catoblepas (Lair:4)
  15 two-headed ogres
  3 death yaks (Lair:4)
  An orc high priest (Orc:2)
  2 tengu warriors
  Sonja (D:11)
  3 unseen horrors
  2 deep trolls (Orc:2)
  Pikel (D:7)
  An orc knight (D:15)
  A necromancer (Lair:2)
  2 orc sorcerers
  5 ugly things (D:15)
  7 orb spiders (Spider:1)
  3 manticores
  12 wolf spiders
  5 cyclopes
  10 elephants
  3 black mambas
  4 centaur zombies
  5 spiny frogs
  3 torpor snails
  3 kobold demonologists
  5 komodo dragons
  3 yaktaurs (D:12)
  2 rime drakes
  3 centaur skeletons
  7 demonic crawlers
  2 efreet
  18 trolls
  16 jumping spiders
  4 polar bears
  7 hornets
  4 dream sheep (Lair:6)
  A wind drake (shapeshifter) (D:15)
  12 blink frogs
  16 slime creatures
  12 hippogriffs
  44 redbacks
  49 yaks
  7 wraiths
  15 spriggans (Lair:6)
  12 tarantellas
  Eustachio (D:4)
  A yak (shapeshifter) (D:13)
  3 basilisks
  3 wyverns
  2 hungry ghosts
  A steam dragon (Lair:4)
  4 vampire mosquitoes (D:12)
  2 acid dragons
  4 wargs
  4 porcupines
  12 water moccasins
  Duvessa (D:6)
  16 orc warriors
  A swamp drake (Lair:4)
  6 ice beasts
  3 sky beasts
  6 black bears
  3 phantoms
  A necrophage (D:12)
  24 wolves
  21 ogres
  3 boggarts (Lair:6)
  15 crocodiles
  15 centaurs
  3 big kobolds
  A wyvern zombie (D:11)
  25 bullfrogs
  Dowan (D:6)
  3 scorpions
  A wyvern skeleton (D:13)
  14 killer bees
  8 jellies
  4 electric eels (Lair:4)
  11 wights
  7 howler monkeys
  5 crimson imps
  A lava snake (D:8)
  A bullfrog zombie (D:13)
  8 hounds
  13 orc priests
  3 quasits
  5 bullfrog skeletons
  23 orc wizards
  3 iguanas
  Ijyb (D:3)
  2 hell rats (Lair:5)
  14 worker ants
  2 polar bear simulacra (Lair:2)
  A yak simulacrum (Lair:2)
  4 wolf simulacra (Lair:2)
  Robin (D:4)
  6 gnolls
  A howler monkey skeleton (D:9)
  17 adders
  11 river rats
  5 shadow imps
  2 oozes
  2 worms
  3 dart slugs (D:1)
  5 leopard geckos
  84 orcs
  4 bats
  3 giant cockroaches
  17 goblins
  10 hobgoblins
  8 jackals
  19 kobolds
  4 quokkas
  2 ball pythons
  7 frilled lizards
  A quokka zombie (D:7)
  9 rats
  4 river rat simulacra (Lair:2)
  6 fungi
  2 plants
908 creatures vanquished.

Vanquished Creatures (collateral kills)
  Arachne (Spider:2)
  2 wolf spiders (Spider:2)
  A redback (Spider:2)
4 creatures vanquished.

Vanquished Creatures (others)
  A torpor snail (Spider:1)
  A jumping spider (Spider:1)
  A hound zombie (D:7)
  An orc (Orc:1)
  5 fungi (Lair:6)
  3 plants (Lair:6)
12 creatures vanquished.

Grand Total: 924 creatures vanquished

Notes
Turn   | Place    | Note
-------+----------+-------------------------------------------
     0 | D:1      | MalarOregon the Hill Orc Fighter began the quest for the
                  | Orb.
     0 | D:1      | Reached XP level 1. HP: 19/19 MP: 1/1
    32 | D:1      | Reached skill level 3 in Axes
    32 | D:1      | Reached XP level 2. HP: 27/27 MP: 2/2
   260 | D:1      | Reached XP level 3. HP: 32/33 MP: 3/3
   284 | D:1      | You fall through a shaft!
  1063 | D:2      | Reached XP level 4. HP: 40/40 MP: 4/4
  1776 | D:3      | Reached skill level 4 in Axes
  1880 | D:3      | Noticed Ijyb
  1895 | D:3      | Killed Ijyb
  1895 | D:3      | Reached XP level 5. HP: 37/47 MP: 5/5
  2826 | D:3      | Reached XP level 6. HP: 55/55 MP: 6/6
  2990 | D:4      | Noticed Eustachio
  3116 | D:4      | Killed Eustachio
  3116 | D:4      | Reached skill level 5 in Fighting
  3116 | D:4      | Reached skill level 5 in Axes
  3116 | D:4      | Reached skill level 5 in Shields
  3255 | D:4      | Noticed a phantom
  3312 | D:4      | Killed a phantom
  3312 | D:4      | Reached skill level 6 in Axes
  3312 | D:4      | Reached XP level 7. HP: 55/61 MP: 7/7
  3658 | D:4      | Reached skill level 5 in Armour
  3686 | D:4      | Noticed Robin
  3700 | D:4      | Killed Robin
  4127 | D:4      | Reached skill level 7 in Axes
  4127 | D:4      | Reached XP level 8. HP: 70/70 MP: 8/8
  4326 | D:5      | Entered Level 5 of the Dungeon
  4733 | D:5      | Found a staircase to the Ecumenical Temple.
  4754 | Temple   | Entered the Ecumenical Temple
  5472 | D:5      | Found a blossoming altar of Fedhas.
  5473 | D:5      | Found a bloodstained altar of Trog.
  5475 | D:5      | Found an iron altar of Okawaru.
  5476 | D:5      | Found a hide-covered altar of Uskayaw.
  5729 | D:6      | Noticed Duvessa
  5743 | D:6      | Noticed Dowan
  5753 | D:6      | Killed Duvessa
  5777 | D:6      | Killed Dowan
  5842 | D:6      | Reached skill level 8 in Axes
  5847 | D:6      | Found a radiant altar of Vehumet.
  6421 | D:7      | Found an ancient bone altar of Kikubaaqudgha.
  6573 | D:7      | Reached XP level 9. HP: 73/78 MP: 9/9
  6624 | D:7      | Reached skill level 9 in Axes
  7120 | D:7      | Noticed Pikel
  7120 | D:7      | Found Nioploho's Antique Armour Boutique.
  7137 | D:7      | Killed Pikel
  7149 | D:7      | Bought a fine chain mail for 285 gold pieces
  7159 | D:7      | Identified the +3 chain mail of the End {rF+} (You bought
                  | it in a shop on level 7 of the Dungeon)
  7308 | D:7      | Reached skill level 10 in Axes
  7526 | D:8      | Noticed a wolf spider
  7540 | D:8      | Killed a wolf spider
  7545 | D:8      | Found Esill's Armour Emporium.
  7821 | D:8      | Reached XP level 10. HP: 88/88 MP: 10/10
  7938 | D:8      | Found a hazy altar of Hepliaklqana.
  7946 | D:8      | Found a glowing silver altar of Zin.
  7946 | D:8      | Found a burning altar of Makhleb.
  7957 | D:8      | Became a worshipper of Makhleb the Destroyer
  8084 | D:8      | Reached skill level 11 in Axes
  8440 | D:8      | Reached skill level 1 in Invocations
  8523 | D:9      | Reached skill level 1 in Evocations
  8668 | D:9      | Reached skill level 1 in Dodging
  8686 | D:9      | Noticed a two-headed ogre
  8700 | D:9      | Killed a two-headed ogre
  8701 | D:9      | Noticed an elephant
  8730 | D:9      | Found a staircase to the Lair.
  9123 | D:8      | Killed an elephant
  9233 | D:9      | Reached skill level 10 in Shields
  9352 | D:9      | Found a stormy altar of Qazlal.
  9488 | D:9      | Reached XP level 11. HP: 88/95 MP: 13/13
  9555 | D:9      | Noticed a two-headed ogre
  9564 | D:9      | Killed a two-headed ogre
  9770 | D:10     | Entered Level 10 of the Dungeon
  9771 | D:10     | Noticed a two-headed ogre
  9783 | D:10     | Killed a two-headed ogre
  9783 | D:10     | Reached * piety under Makhleb
 10036 | D:10     | Reached skill level 12 in Axes
 10079 | D:10     | Reached skill level 5 in Invocations
 10133 | D:10     | Got a faintly glowing robe
 10149 | D:10     | Found Lath's Food Emporium.
 10195 | D:10     | Reached ** piety under Makhleb
 10623 | D:11     | Found a staircase to the Orcish Mines.
 10641 | D:11     | Noticed Sonja
 10662 | D:10     | Killed an unseen horror
 11058 | D:11     | Killed Sonja
 11212 | D:11     | Reached XP level 12. HP: 104/106 MP: 15/15
 11258 | D:11     | Reached skill level 10 in Fighting
 11768 | D:9      | Identified the +1 robe "Sussux" {rF+ Dex+5} (You found it
                  | on level 10 of the Dungeon)
 11785 | D:9      | Learned a level 3 spell: Inner Flame
 11786 | Lair:1   | Entered Level 1 of the Lair of Beasts
 11914 | Lair:1   | Reached skill level 5 in Evocations
 11919 | Lair:1   | Reached skill level 1 in Fire Magic
 12017 | Lair:1   | Got a jewelled spear
 12332 | Lair:1   | Found a runed door.
 12340 | Lair:1   | Noticed Veehecw's ghost (journeyman NaGl)
 12553 | Lair:1   | Killed Veehecw's ghost
 12579 | Lair:2   | Reached skill level 13 in Axes
 12593 | Lair:2   | Reached *** piety under Makhleb
 12988 | Lair:2   | Noticed a four-headed hydra
 12998 | Lair:2   | Killed a four-headed hydra
 12998 | Lair:2   | Reached skill level 10 in Armour
 12998 | Lair:2   | Reached skill level 5 in Dodging
 13025 | Lair:2   | Found a hole to the Spider Nest.
 13418 | Lair:3   | Reached XP level 13. HP: 116/116 MP: 16/16
 13566 | Lair:3   | Found a staircase to the Shoals.
 13616 | Lair:3   | Reached **** piety under Makhleb
 14002 | Lair:3   | Identified the cursed +1 spear "Orb Guardian's Doom"
                  | {venom, rElec MR- Int+2 Stlth+} (You found it on level 1 of
                  | the Lair of Beasts)
 14011 | Lair:4   | Found a runed door.
 14011 | Lair:4   | Noticed dscm's ghost (journeyman OpEE)
 14798 | Lair:4   | Killed dscm's ghost
 14798 | Lair:4   | Reached skill level 5 in Fire Magic
 14955 | Lair:4   | Reached skill level 14 in Axes
 15175 | Lair:5   | Found a staircase to the Slime Pits.
 15347 | Lair:5   | Reached ***** piety under Makhleb
 15689 | Lair:6   | Entered Level 6 of the Lair of Beasts
 16089 | Lair:6   | Reached XP level 14. HP: 126/126 MP: 18/18
 16505 | Lair:6   | Reached skill level 15 in Axes
 17362 | D:8      | Bought a +0 pair of gloves for 58 gold pieces
 17436 | Orc:1    | Entered Level 1 of the Orcish Mines
 17527 | Orc:1    | Reached ****** piety under Makhleb
 17740 | Orc:1    | Found Naoreupemp's General Store.
 17742 | Orc:1    | Noticed Erolcha
 17747 | Orc:1    | Killed Erolcha
 17850 | Orc:2    | Entered Level 2 of the Orcish Mines
 17899 | Orc:1    | Found Rutsy's Food Shoppe.
 17899 | Orc:1    | Found Fykijugo's Food Shoppe.
 18173 | Orc:2    | Reached XP level 15. HP: 136/136 MP: 21/21
 18206 | Orc:2    | Found Haturur's Book Shop.
 18208 | Orc:2    | Found Dueshi Bais's Assorted Antiques.
 18215 | Orc:2    | Found Irhoruaq's Antique Armour Boutique.
 18237 | Orc:2    | Found Tiuthroh's Antique Weapon Shop.
 18240 | Orc:2    | Bought a distressingly furry helmet for 228 gold pieces
 18250 | Orc:2    | Identified the cursed +0 helmet of True Grit {rElec rPois
                  | rCorr Stlth-} (You bought it in a shop on level 2 of the
                  | Orcish Mines)
 18301 | Orc:2    | Found a staircase to the Elven Halls.
 18490 | Orc:2    | Paralysed by an orc sorcerer for 6 turns
 18740 | Orc:2    | Noticed Josephine
 18755 | Orc:2    | Killed Josephine
 19096 | Orc:1    | Noticed Erica
 19116 | Orc:1    | Killed Erica
 19337 | D:12     | Reached skill level 16 in Axes
 19384 | D:12     | Got an ivory hunting sling
 19693 | D:12     | Reached skill level 10 in Invocations
 20555 | D:13     | Found a gate to the Vaults.
 21013 | D:13     | Identified the +10 hunting sling of Bosedaet {velocity,
                  | rElec} (You found it on level 12 of the Dungeon)
 21617 | D:15     | Entered Level 15 of the Dungeon
 21838 | D:15     | Reached XP level 16. HP: 147/147 MP: 23/23
 22540 | D:15     | Found a staircase to the Depths.
 22646 | D:15     | Found a sacrificial altar of Ru.
 23090 | Spider:1 | Entered Level 1 of the Spider Nest
 23226 | Spider:1 | Reached skill level 15 in Fighting
 24044 | Spider:1 | Reached skill level 15 in Shields
 24631 | D:7      | Bought the +10 large shield of Ignorance {rN+ Int-4} for
                  | 1719 gold pieces
 24631 | D:7      | Found the +10 large shield of Ignorance {rN+ Int-4}
 25362 | Spider:3 | Noticed Arachne
 25384 | Spider:2 | Killed Arachne
 25740 | Spider:2 | HP: 1/149 [redback (15)]
 25741 | Spider:2 | Slain by a wolf spider

Skill      XL: |  1  2  3  4  5  6  7  8  9 10 11 12 13 14 15 16 |
---------------+-------------------------------------------------+-----
Axes           | 3 4 6 7 8 10 11 12 13 14 15 16 | 16.0
Fighting       | 4 5 6 7 8 9 11 12 13 14 15 | 15.4
Armour         | 4 5 6 7 8 9 10 11 12 13 14 | 14.2
Shields        | 4 5 6 7 9 10 11 12 13 14 15 | 15.2
Invocations    | 3 5 6 8 10 11 | 11.6
Evocations     | 2 4 5 |  5.0
Dodging        | 2 3 5 6 |  6.5
Fire Magic     | 3 5 7 |  7.5

Action                   |  1- 3 |  4- 6 |  7- 9 | 10-12 | 13-15 | 16-18 || total
-------------------------+-------+-------+-------+-------+-------+-------++-------
Melee: War axe           |   113 |   161 |   518 |   816 |  1796 |   680 ||  4084
Invok: Lesser Servant of |       |       |       |       |       |     4 ||     4
       Major Destruction |       |       |       |       |       |     2 ||     2
       Greater Servant o |       |       |       |       |       |     1 ||     1
 Abil: Evoke Berserk Rag |     1 |     2 |     3 |     1 |       |     1 ||     8
Evoke: Wand              |       |     2 |       |    21 |    26 |    20 ||    69
       Lightning rod     |       |       |       |       |     3 |       ||     3
  Use: Scroll            |     3 |     2 |     7 |    16 |    11 |     4 ||    43
       Potion            |       |     2 |       |       |     2 |     3 ||     7
 Stab: Paralysed         |       |       |       |       |       |     8 ||     8
       Distracted        |       |       |       |       |       |     1 ||     1
  Eat: Chunk             |     1 |    10 |    15 |    20 |    30 |     9 ||    85
       Ration            |       |       |     1 |       |       |     2 ||     3
Armor: Scale mail        |     6 |       |       |       |       |       ||     6
       Plate armour      |    62 |    95 |   187 |       |       |       ||   344
       Chain mail        |       |       |    38 |   392 |   506 |   448 ||  1384
Dodge: Dodged            |    10 |     9 |    30 |   185 |   417 |   327 ||   978
Block: Shield            |    61 |    12 |       |       |       |       ||    73
       Large shield      |       |   114 |   484 |   996 |  1881 |  1093 ||  4568
